 Dungeon Crawl Stone Soup version 0.31-a0-544-gceb718ecc6 (console) character file.

Game seed: 12241326637670936668

84097 jejorda2 the Protected (level 15, -5/122 HPs)
             Began as a Gnoll Berserker on Aug 15, 2023.
             Was an Elder of Trog.
             Slain by a centaur warrior (7 damage)
             ... on level 14 of the Dungeon.
             The game lasted 01:04:57 (24712 turns).

jejorda2 the Protected (Gnoll Berserker)           Turns: 24712, Time: 01:04:58

Health: -5/122     AC: 19    Str: 22    XL:     15   Next: 79%
Magic:  29/29      EV: 11    Int:  6    God:    Trog [****..]
Gold:   1601       SH:  5    Dex: 14    Spells: 35/35 levels left

rFire   . . .        a - +7 executioner's axe (flame)
rCold   + + .        (shield currently unavailable)
rNeg    . . .        p - +0 plate armour
rPois   +            H - +2 helmet
rElec   .            (no cloak)
rCorr   .            n - +2 pair of gloves
SInv    .            r - +2 pair of boots
Will    +....        J - amulet of reflection Stlth
                     G - +4 ring of protection
HPRegen 0.40/turn    x - ring "Saihuoth" {rPois rC++}
MPRegen 0.21/turn

%: reflection
@: corroded, on berserk cooldown, slowed, studying Armour, very slow
A: fangs 1, strong nose, distributed training
a: Renounce Religion, Berserk, Trog's Hand, Brothers in Arms


You were on level 14 of the Dungeon.
You worshipped Trog.
Trog was greatly pleased with you.
You visited 2 branches of the dungeon, and saw 19 of its levels.
You also visited: Sewer and Bailey.

You collected 1601 gold pieces.

Inventory:

Hand Weapons
 a - a +7 executioner's axe of flaming (weapon)
Missiles
 d - a curare-tipped dart
 s - 4 throwing nets
 u - 19 boomerangs
 v - 18 poisoned darts (quivered)
 B - 16 javelins
Armour
 n - a +2 pair of gloves (worn)
 p - a +0 plate armour (worn)
 r - a +2 pair of boots (worn)
 H - a +2 helmet (worn)
Jewellery
 e - a ring of protection from fire
 f - a ring of positive energy
 x - the ring "Saihuoth" (right hand) {rPois rC++}
   (You acquired it in a bailey)

   [ring of poison resistance]

   rC++:      It greatly protects you from cold.
   rPois:     It protects you from poison
 G - a +4 ring of protection (left hand)
 I - a ring of fire
 J - an amulet of reflection (around neck)
Wands
 b - a wand of digging (13)
 m - a wand of flame (47)
 z - a wand of paralysis (25)
 A - a wand of mindburst (10)
 C - a wand of roots (7)
Scrolls
 j - 2 scrolls of blinking
 k - 7 scrolls of teleportation
 w - 2 scrolls of fear
 K - a scroll of poison
Potions
 c - 3 potions of invisibility
 g - a potion of cancellation
 h - 6 potions of lignification
 i - 8 potions of curing
 l - a potion of mutation
 o - a potion of heal wounds
 q - 2 potions of haste
 t - 3 potions of ambrosia
 y - a potion of might
 D - a potion of enlightenment
 E - 3 potions of attraction
 F - a potion of resistance {unknown}


   Skills:
 + Level 12.3 Fighting
 + Level 10.5 Short Blades
 + Level 10.5 Long Blades
 + Level 12.3 Axes
 + Level 10.5 Maces & Flails
 + Level 10.5 Polearms
 + Level 10.5 Staves
 + Level 10.5 Ranged Weapons
 + Level 10.5 Throwing
 + Level 14.2 Armour
 + Level 11.5 Dodging
 + Level 10.5 Stealth
 + Level 10.5 Shields
 + Level 10.5 Unarmed Combat
 + Level 10.5 Spellcasting
 + Level 8.9 Conjurations
 + Level 8.9 Hexes
 + Level 8.9 Summonings
 + Level 8.9 Necromancy
 + Level 8.9 Translocations
 + Level 8.9 Transmutations
 + Level 8.9 Fire Magic
 + Level 8.9 Ice Magic
 + Level 8.9 Air Magic
 + Level 8.9 Earth Magic
 + Level 8.9 Poison Magic
 + Level 11.5 Invocations
 + Level 10.5 Evocations
 + Level 8.9 Shapeshifting


You had 35 spell levels left.
You didn't know any spells.
Your spell library was empty.

Dungeon Overview and Level Annotations

Branches:
Dungeon (14/15)            Temple (0/1) D:6            Lair (5/5) D:9
 Shoals (0/4) Lair:3       Spider (0/4) Lair:2        Slime (0/5) Lair:4
    Orc (0/2) D:11         Vaults (0/5) D:13          Sewer (visited)
 Bailey (visited)

Altars:
Ashenzari
Dithmenos
Gozag
Hepliaklqana
Kikubaaqudgha
Nemelex Xobeh
Ru
Sif Muna
Trog
Uskayaw
Vehumet
Wu Jian
Xom
The Shining One
Jiyva

Shops:
D:6 :   D:9 =   D:13 =

Annotations:
D:3 exclusion: door
Lair:4 1 runed translucent door


Innate Abilities, Weirdness & Mutations

You have very sharp teeth.
Your uncanny sense of smell can sniff out nearby items.
Your experience applies equally to all skills.


Message History

You slash the centaur warrior! You burn the centaur warrior.
You hit the purple ugly thing. You burn the purple ugly thing.
The centaur warrior hits you but does no damage.
The centaur warrior kicks you.
* * * LOW HITPOINT WARNING * * *
The cyan ugly thing barely misses you. The centaur warrior hits you.
* * * LOW HITPOINT WARNING * * *
The centaur warrior closely misses you.
The purple ugly thing tentacle-slaps you but does no damage.
You slice the cyan ugly thing!! You burn the cyan ugly thing!
You bite the cyan ugly thing, but do no damage.
The cyan ugly thing is heavily wounded.
You barely miss the centaur warrior. You barely miss the purple ugly thing.
The centaur warrior barely misses you. x2
The cyan ugly thing barely misses you.
The purple ugly thing barely misses you.
Unknown command.
You slash the cyan ugly thing! You burn the cyan ugly thing!
The cyan ugly thing is almost dead.
You slash the centaur warrior! You burn the centaur warrior.
You slash the purple ugly thing! You burn the purple ugly thing.
The centaur warrior hits you but does no damage.
You block the centaur warrior's attack. The cyan ugly thing headbutts you.
* * * LOW HITPOINT WARNING * * *
The cyan ugly thing shocks you!
* * * LOW HITPOINT WARNING * * *
Unknown command.
Unknown command.
You slash the cyan ugly thing! You burn the cyan ugly thing.
You kill the cyan ugly thing!
Trog accepts your kill.
You hit the purple ugly thing. You burn the purple ugly thing.
You closely miss the centaur warrior.
You are no longer berserk.
You are exhausted.
You feel yourself slow down. You block the centaur warrior's attack.
The centaur warrior kicks you but does no damage.
The purple ugly thing tentacle-slaps you but does no damage.
The centaur warrior hits you!
You die...

**∆,***
#...#########....*****
**,,,**#...###
*......,,,**
**,,,*###...###
#....###,,,* *,,**
###...####...## **,,*
*,,* ###...#**,,**
*,,** **,,* ##..#
**,,** **,,** **,,**
#..# *,,,* *,,,*
**,,,* #..# **,,*
**,,, *,,*** ###@c##
*,,* **,, ,,**
*******#..u.J#* *,,*
**, ,**
*,........##..#**,**
*,, **
**,....#####*^....,,*
**,, * *,,.##**
**,,.....$,* **,,*
*,,**
**,^,.......****,,**
*,,*
*,,,,.......,*,,,**
*,,**
**,,,,.......,,,,**
*,,,*
*,,,,^,,,,,^,,,,**


You could see a purple ugly thing, a large slime creature and a centaur warrior.

Vanquished Creatures
  Rupert (Lair:4)
  Gastronok (D:12)
  4 vault guards (D:13)
  A catoblepas (D:11)
  4 hydras
  A boulder beetle (D:10)
  2 two-headed ogres
  Erica (D:8)
  A dancing weapon (D:9)
  13 death yaks
  The ghost of jlumianski the Trooper, a novice DjFE of Makhleb (D:8)
  Urug (D:12)
  Nergalle (Lair:2)
  2 skysharks (Lair:5)
  The ghost of quinnr the Zephyrmancer, a novice TeAE of Vehumet (D:9)
  6 skeletal warriors
  A lindwurm (Lair:3)
  2 wolf spiders (Lair:5)
  2 deep elf pyromancers (D:12)
  An orc knight (D:13)
  An orc sorcerer (D:13)
  12 ugly things
  2 manticores
  2 cyclopes (D:12)
  A guardian serpent (Lair:5)
  3 elephants (Lair:4)
  5 black mambas
  6 centaur zombies (D:13)
  4 gargoyles
  A cane toad (shapeshifter) (D:13)
  22 cane toads
  2 unseen horrors
  2 rime drakes
  A torpor snail (Lair:2)
  10 komodo dragons
  An unseen horror zombie (D:8)
  2 kobold demonologists
  A spectral unseen horror (D:8)
  A tengu conjurer (D:13)
  3 hornets
  Grinder (D:4)
  5 trolls
  18 blink frogs
  6 dream sheep (Lair:4)
  A shadow (D:12)
  33 yaks
  14 slime creatures
  2 vampires
  Sigmund (D:5)
  A wraith (D:9)
  Eustachio (D:4)
  14 wyverns
  A human (D:13)
  3 steam dragons
  8 basilisks
  4 redbacks
  12 vampire mosquitoes
  23 water moccasins
  4 black bears
  16 orc warriors
  2 ice beasts
  An ogre (D:7)
  8 wolves
  2 centaurs
  Blork the orc (D:5)
  4 kobold brigands
  9 bullfrogs
  3 gnoll sergeants
  A scorpion (D:5)
  22 wights
  6 howler monkeys
  7 electric eels (Bailey)
  2 jellies (D:5)
  2 orc priests
  2 hounds
  2 gnoll boudas
  A sleepcap (D:6)
  A boggart zombie (D:13)
  3 iguanas
  9 orc wizards
  6 hell rats (Lair:2)
  3 centaur simulacra
  37 gnolls
  13 river rats (Lair:2)
  12 adders
  A shadow imp (D:6)
  2 white imps
  3 worms
  2 dart slugs (D:1)
  50 orcs
  12 ball pythons
  8 bats
  A bat zombie (D:6)
  5 endoplasms
  5 giant cockroaches
  14 goblins
  10 hobgoblins
  3 jackals (D:3)
  11 quokkas
  10 frilled lizards
  50 kobolds
  9 rats
652 creatures vanquished.

Vanquished Creatures (collateral kills)
  3 death yaks (Lair:5)
  An orc high priest (Bailey)
  A skeletal warrior (D:13)
  A centaur zombie (D:13)
  A blink frog (Lair:5)
  A yak (Lair:5)
  A water moccasin (Lair:5)
9 creatures vanquished.

Vanquished Creatures (others)
  An ugly thing (D:14)
  A hobgoblin (Bailey)
2 creatures vanquished.

Grand Total: 663 creatures vanquished

Notes
Turn   | Place    | Note
-------+----------+-------------------------------------------
     0 | D:1      | jejorda2 the Gnoll Berserker began the quest for the Orb.
     0 | D:1      | Reached XP level 1. HP: 23/23 MP: 1/1
   302 | D:1      | Reached XP level 2. HP: 27/29 MP: 2/2
   783 | D:2      | Reached XP level 3. HP: 35/35 MP: 3/3
   848 | D:2      | Reached skill level 1 in Short Blades
   848 | D:2      | Reached skill level 1 in Long Blades
   848 | D:2      | Reached skill level 1 in Maces & Flails
   848 | D:2      | Reached skill level 1 in Polearms
   848 | D:2      | Reached skill level 1 in Staves
   848 | D:2      | Reached skill level 1 in Ranged Weapons
   848 | D:2      | Reached skill level 1 in Throwing
   848 | D:2      | Reached skill level 1 in Stealth
   848 | D:2      | Reached skill level 1 in Shields
   848 | D:2      | Reached skill level 1 in Unarmed Combat
   848 | D:2      | Reached skill level 1 in Spellcasting
   848 | D:2      | Reached skill level 1 in Invocations
   848 | D:2      | Reached skill level 1 in Evocations
   858 | D:2      | Reached XP level 4. HP: 41/41 MP: 3/5
   898 | D:2      | Reached ** piety under Trog
  1202 | D:2      | Reached skill level 1 in Conjurations
  1202 | D:2      | Reached skill level 1 in Hexes
  1202 | D:2      | Reached skill level 1 in Summonings
  1202 | D:2      | Reached skill level 1 in Necromancy
  1202 | D:2      | Reached skill level 1 in Translocations
  1202 | D:2      | Reached skill level 1 in Transmutations
  1202 | D:2      | Reached skill level 1 in Fire Magic
  1202 | D:2      | Reached skill level 1 in Ice Magic
  1202 | D:2      | Reached skill level 1 in Air Magic
  1202 | D:2      | Reached skill level 1 in Earth Magic
  1202 | D:2      | Reached skill level 1 in Poison Magic
  1202 | D:2      | Reached skill level 1 in Shapeshifting
  1352 | D:3      | Found a shimmering blue altar of Sif Muna.
  1475 | D:3      | Found a glowing drain.
  1506 | Sewer    | Entered a sewer
  1545 | Sewer    | Reached XP level 5. HP: 39/47 MP: 5/7
  1824 | Sewer    | Reached skill level 5 in Armour
  1824 | Sewer    | Reached skill level 5 in Dodging
  1824 | Sewer    | Reached XP level 6. HP: 26/53 MP: 8/8
  2204 | D:3      | Found a broken altar of Ashenzari.
  2254 | D:3      | Found a shadowy altar of Dithmenos.
  2259 | D:3      | Found a shimmering altar of Xom.
  2263 | D:3      | Found an opulent altar of Gozag.
  2265 | D:3      | Found an ornate altar of the Wu Jian Council.
  2966 | D:4      | Noticed Grinder
  3004 | D:4      | Reached *** piety under Trog
  3047 | D:4      | Killed Grinder
  3048 | D:4      | Reached XP level 7. HP: 60/60 MP: 10/10
  3057 | D:4      | Noticed Eustachio
  3115 | D:4      | Noticed a wyvern
  3127 | D:4      | Killed a wyvern
  3352 | D:4      | Reached XP level 8. HP: 67/67 MP: 12/12
  3541 | D:4      | Killed Eustachio
  3855 | D:5      | Entered Level 5 of the Dungeon
  3907 | D:5      | Found a sparkling altar of Nemelex Xobeh.
  4508 | D:5      | Noticed Blork the orc
  4519 | D:5      | Killed Blork the orc
  4858 | D:5      | Reached skill level 6 in Armour
  4944 | D:5      | Reached XP level 9. HP: 11/73 MP: 14/14
  5187 | D:5      | Noticed Sigmund
  5196 | D:5      | Killed Sigmund
  5582 | D:5      | Found a sparkling altar of Nemelex Xobeh.
  6538 | D:6      | Identified the +9 rapier "Gerelaucw" {spect, rF- Str+3
                  | Stlth+}
  6800 | D:6      | Reached **** piety under Trog
  6803 | D:6      | Reached skill level 5 in Invocations
  6916 | D:6      | Found a staircase to the Ecumenical Temple.
  7190 | D:6      | Found an ancient bone altar of Kikubaaqudgha.
  7452 | D:6      | Found Ivvek's Book Emporium.
  7671 | D:7      | Found a flagged portal.
  7680 | Bailey   | Entered a bailey
  7929 | Bailey   | Noticed an orc high priest
  7939 | Bailey   | Noticed an orange demon
  7940 | Bailey   | Noticed a rust devil
  7943 | Bailey   | Killed an orc high priest
  7944 | Bailey   | Reached skill level 5 in Short Blades
  7944 | Bailey   | Reached skill level 5 in Long Blades
  7944 | Bailey   | Reached skill level 5 in Maces & Flails
  7944 | Bailey   | Reached skill level 5 in Polearms
  7944 | Bailey   | Reached skill level 5 in Staves
  7944 | Bailey   | Reached skill level 5 in Ranged Weapons
  7944 | Bailey   | Reached skill level 5 in Throwing
  7944 | Bailey   | Reached skill level 5 in Stealth
  7944 | Bailey   | Reached skill level 5 in Shields
  7944 | Bailey   | Reached skill level 5 in Unarmed Combat
  7944 | Bailey   | Reached skill level 5 in Spellcasting
  7944 | Bailey   | Reached skill level 5 in Evocations
  7944 | Bailey   | Reached XP level 10. HP: 53/82 MP: 17/17
  8299 | Bailey   | Reached skill level 7 in Armour
  9190 | Bailey   | Found an iron altar of Okawaru.
  9190 | Bailey   | Noticed a kobold demonologist
  9203 | Bailey   | Killed a kobold demonologist
  9663 | Bailey   | Acquired a +6 executioner's axe of flaming
  9665 | Bailey   | Acquired the ring "Saihuoth" {rPois rC++}
 10153 | D:7      | Found a glowing golden altar of the Shining One.
 10645 | D:8      | Found a runed translucent gate.
 10646 | D:8      | Found a runed translucent gate.
 10647 | D:8      | Found a runed translucent gate.
 10656 | D:8      | Reached XP level 11. HP: 58/85 MP: 19/19
 10659 | D:8      | Noticed jlumianski's ghost (novice DjFE)
 10669 | D:8      | Acquired a manual of Armour
 10917 | D:8      | Noticed Erica
 10934 | D:8      | Killed Erica
 10935 | D:8      | Reached skill level 5 in Conjurations
 10935 | D:8      | Reached skill level 5 in Hexes
 10935 | D:8      | Reached skill level 5 in Summonings
 10935 | D:8      | Reached skill level 5 in Necromancy
 10935 | D:8      | Reached skill level 5 in Translocations
 10935 | D:8      | Reached skill level 5 in Transmutations
 10935 | D:8      | Reached skill level 5 in Fire Magic
 10935 | D:8      | Reached skill level 5 in Ice Magic
 10935 | D:8      | Reached skill level 5 in Air Magic
 10935 | D:8      | Reached skill level 5 in Earth Magic
 10935 | D:8      | Reached skill level 5 in Poison Magic
 10935 | D:8      | Reached skill level 5 in Shapeshifting
 11120 | D:8      | Noticed a two-headed ogre
 11130 | D:8      | Killed a two-headed ogre
 11131 | D:8      | Reached skill level 8 in Armour
 11459 | D:8      | Found a sacrificial altar of Ru.
 11811 | D:8      | Killed jlumianski's ghost
 11929 | D:9      | Found a runed translucent door.
 11929 | D:9      | Found a shimmering altar of Xom.
 11929 | D:9      | Noticed quinnr's ghost (novice TeAE)
 11930 | D:9      | Noticed a +4 broad axe of chaos
 11988 | D:9      | Found Xofusche's Jewellery Emporium.
 12104 | D:9      | Found a hazy altar of Hepliaklqana.
 12219 | D:9      | Found a hide-covered altar of Uskayaw.
 12903 | D:9      | Found a staircase to the Lair.
 13044 | D:9      | Killed quinnr's ghost
 13045 | D:9      | Reached skill level 9 in Armour
 13048 | D:9      | Killed a +4 broad axe of chaos
 13117 | D:10     | Entered Level 10 of the Dungeon
 13189 | D:10     | Noticed a boulder beetle
 13201 | D:10     | Killed a boulder beetle
 13202 | D:10     | Reached XP level 12. HP: 97/97 MP: 22/22
 13372 | D:10     | Found a bloodstained altar of Trog.
 14024 | D:11     | Found an ornate altar of the Wu Jian Council.
 14107 | D:11     | Noticed a two-headed ogre
 14107 | D:11     | Noticed a catoblepas
 14115 | D:11     | Killed a catoblepas
 14116 | D:11     | Reached skill level 10 in Fighting
 14116 | D:11     | Reached skill level 10 in Axes
 14117 | D:11     | Killed a two-headed ogre
 14118 | D:11     | Reached skill level 10 in Armour
 14129 | D:11     | Got the +2 eveningstar "Radukit" {heavy, *Slow Will+ MP-9
                  | Dex+8}
 14331 | D:11     | Found a staircase to the Orcish Mines.
 14845 | Lair:1   | Entered Level 1 of the Lair of Beasts
 15535 | Lair:1   | Reached ***** piety under Trog
 16144 | Lair:2   | Found a hole to the Spider Nest.
 16163 | Lair:2   | Reached XP level 13. HP: 104/104 MP: 23/25
 16421 | Lair:2   | Found a sacrificial altar of Ru.
 16539 | Lair:2   | Reached skill level 11 in Armour
 16844 | Lair:2   | Noticed Nergalle
 16850 | Lair:2   | Killed Nergalle
 17424 | Lair:3   | You fall into a shaft and drop 2 floors!
 17424 | Lair:5   | Entered Level 5 of the Lair of Beasts
 17656 | Lair:5   | Reached skill level 10 in Dodging
 17688 | Lair:5   | Reached skill level 12 in Armour
 17698 | Lair:5   | Reached XP level 14. HP: 53/113 MP: 25/27
 17998 | Lair:5   | Reached skill level 10 in Invocations
 19610 | Lair:4   | Noticed Rupert
 19621 | Lair:4   | Killed Rupert
 19918 | Lair:4   | Found a runed translucent door.
 19922 | Lair:4   | Found a viscous altar of Jiyva.
 20031 | Lair:4   | Noticed an acid blob
 20160 | Lair:4   | Reached skill level 13 in Armour
 20792 | Lair:4   | Found a staircase to the Slime Pits.
 21221 | Lair:3   | Found a staircase to the Shoals.
 22165 | D:12     | Reached XP level 15. HP: 92/120 MP: 28/28
 22478 | D:12     | Reached skill level 10 in Short Blades
 22478 | D:12     | Reached skill level 10 in Long Blades
 22478 | D:12     | Reached skill level 10 in Maces & Flails
 22478 | D:12     | Reached skill level 10 in Polearms
 22478 | D:12     | Reached skill level 10 in Staves
 22478 | D:12     | Reached skill level 10 in Ranged Weapons
 22478 | D:12     | Reached skill level 10 in Throwing
 22478 | D:12     | Reached skill level 10 in Stealth
 22478 | D:12     | Reached skill level 10 in Shields
 22478 | D:12     | Reached skill level 10 in Unarmed Combat
 22478 | D:12     | Reached skill level 10 in Spellcasting
 22478 | D:12     | Reached skill level 10 in Evocations
 22588 | D:12     | Noticed Urug
 22602 | D:12     | Killed Urug
 22661 | D:12     | You fall into a shaft and drop 1 floor!
 22803 | D:13     | Received a gift from Trog
 23271 | D:13     | Found a radiant altar of Vehumet.
 23345 | D:13     | Found Esaam's Jewellery Shop.
 23579 | D:13     | Found a gate to the Vaults.
 23879 | D:12     | Noticed Gastronok
 23896 | D:12     | Killed Gastronok
 23959 | D:12     | Reached skill level 14 in Armour
 24711 | D:14     | HP: 2/183 [cyan ugly thing (16)]
 24712 | D:14     | Slain by a centaur warrior

Illustrated notes

Levels and vault maps discovered:
D:1:      elethiomel_arrival_maze, layout_loops_ring, minmay_misc_feat_roman,
          minmay_pentomino_o2
D:2:      layout_basic
D:3:      layout_basic, mainiacjoe_overflow_six_doors_small, led_sif_book,
          nicolae_overflow_macrodata_refinement, cheibrodos_sewer_entry_bend
D:4:      layout_basic, uniq_eustachio, uniq_grinder
D:5:      minmay_goblin_kobold_castle, layout_gridville, lemuel_round_altar,
          uniq_blork_the_orc, uniq_sigmund
D:6:      layout_loops_cross, lemuel_zombie_altar_kikubaaqudgha,
          minmay_temple_entry_glassed_door, serial_shops,
          nicolae_book_shop_shelving
D:7:      layout_basic, mainiacjoe_overflow_alcove_4, enter_bailey_8
D:8:      layout_layer_cave, nicolae_ru_awakened_eye,
          gammafunk_ghost_necromancy, uniq_erica
D:9:      layout_roguey, nicolae_uskayaw_murder_on_the_dancefloor,
          nicolae_hepliaklqana_hazy_memory, erik_lair_dragon, serial_shops,
          nicolae_shop_tiny_real_fake_doors, ebering_ghost_xom
D:10:     layout_rooms, kennysheep_mini, small_chamber_with_monster
D:11:     minmay_roctagon, layout_basic, orc_0_dummy,
          nicolae_wu_jian_immortal_techniques
D:12:     layout_long_grid, uniq_urug, uniq_gastronok
D:13:     layout_irregular_city, grunt_vaults_entry_fortified, serial_undead,
          serial_undead_a, serial_undead_b, serial_undead_b, serial_undead_a,
          serial_undead_b, serial_shops, shop, vehumet_altar_wand_db
D:14:     layout_layer_cave, minmay_holes, uniq_kirke
Lair:1:   layout_roguey
Lair:2:   lemuel_ratsnest, layout_cave_pods, spider_nest_entry_webs,
          basic_altar, uniq_nergalle
Lair:3:   layout_regular_city, elwin_shoals_entry_rocks,
          nicolae_volcano_entry_vermiform
Lair:4:   layout_layer_cave, slime_entry_2, minivault_11, uniq_rupert
Lair:5:   hangedman_lair_tendril_chambers, layout_regular_city,
          serial_bayou_shore_b

Skill      XL: |  1  2  3  4  5  6  7  8  9 10 11 12 13 14 15 |
---------------+----------------------------------------------+-----
Short Blades   | 1 2 3 5 7 8 9 10 | 10.5
Long Blades    | 1 2 3 5 7 8 9 10 | 10.5
Maces & Flails | 1 2 3 5 7 8 9 10 | 10.5
Polearms       | 1 2 3 5 7 8 9 10 | 10.5
Staves         | 1 2 3 5 7 8 9 10 | 10.5
Ranged Weapons | 1 2 3 5 7 8 9 10 | 10.5
Throwing       | 1 2 3 5 7 8 9 10 | 10.5
Stealth        | 1 2 3 5 7 8 9 10 | 10.5
Shields        | 1 2 3 5 7 8 9 10 | 10.5
Unarmed Combat | 1 2 3 5 7 8 9 10 | 10.5
Spellcasting   | 1 2 3 5 7 8 9 10 | 10.5
Invocations    | 1 2 3 4 5 6 7 8 9 10 11 | 11.5
Evocations     | 1 2 3 5 7 8 9 10 | 10.5
Conjurations   | 1 2 3 4 5 6 7 8 |  8.9
Hexes          | 1 2 3 4 5 6 7 8 |  8.9
Summonings     | 1 2 3 4 5 6 7 8 |  8.9
Necromancy     | 1 2 3 4 5 6 7 8 |  8.9
Translocations | 1 2 3 4 5 6 7 8 |  8.9
Transmutations | 1 2 3 4 5 6 7 8 |  8.9
Fire Magic     | 1 2 3 4 5 6 7 8 |  8.9
Ice Magic      | 1 2 3 4 5 6 7 8 |  8.9
Air Magic      | 1 2 3 4 5 6 7 8 |  8.9
Earth Magic    | 1 2 3 4 5 6 7 8 |  8.9
Poison Magic   | 1 2 3 4 5 6 7 8 |  8.9
Shapeshifting  | 1 2 3 4 5 6 7 8 |  8.9
Armour         | 5 6 7 9 10 12 13 14 | 14.2
Dodging        | 5 6 7 8 9 10 11 | 11.5
Fighting       | 7 8 9 10 11 12 | 12.3
Axes           | 7 8 9 10 11 12 | 12.3

Action                     |  1- 3 |  4- 6 |  7- 9 | 10-12 | 13-15 || total
---------------------------+-------+-------+-------+-------+-------++-------
  Melee: Hand axe          |    66 |   213 |   191 |       |       ||   470
         Bite              |     7 |    24 |    62 |    39 |    99 ||   231
         Punch             |       |     3 |    13 |     2 |       ||    18
         War axe           |       |       |   244 |       |       ||   244
         Broad axe         |       |       |     8 |    80 |       ||    88
         Executioner's axe |       |       |       |   326 |   719 ||  1045
  Throw: Boomerang         |       |       |     3 |       |       ||     3
         Dart              |       |       |       |    16 |    14 ||    30
 Invoke: Berserk           |     2 |     2 |    11 |    15 |    20 ||    50
         Trog's Hand       |       |     4 |     5 |     8 |    19 ||    36
         Brothers in Arms  |       |       |     1 |       |     3 ||     4
  Evoke: Wand              |       |       |       |       |     2 ||     2
    Use: Scroll            |       |     5 |     5 |    13 |    15 ||    38
         Potion            |       |       |     1 |       |     5 ||     6
 Armour: Animal skin       |     4 |       |       |       |       ||     4
         Ring mail         |    17 |    13 |       |       |       ||    30
         Scale mail        |       |    10 |       |       |       ||    10
         Chain mail        |       |    60 |       |       |       ||    60
         Plate armour      |       |    24 |   324 |   309 |   654 ||  1311
  Dodge: Dodged            |    44 |   113 |   187 |   228 |   462 ||  1034
  Block: Other             |       |       |       |       |    78 ||    78
         Reflection        |       |       |       |       |     3 ||     3

Table legend: (Time is in decaauts)
 A = Elapsed time spent in this place.
 B = Non-inter-level travel time spent in this place.
 C = Inter-level travel time spent in this place.
 D = Time resting spent in this place.
 E = Time spent auto-exploring this place.
 F = Levels seen in this place.
 G = Mean time per level.
                   A        B        C        D        E       F      G
               +--------+--------+--------+--------+--------+-----+--------+
         Total |  25622 |  24752 |    870 |   3959 |  15666 |  21 | 1220.1 |
       Dungeon |  15342 |  14691 |    651 |   1767 |   9960 |  14 | 1095.9 |
          Lair |   7438 |   7219 |    219 |    952 |   4747 |   5 | 1487.6 |
         Sewer |    754 |    754 |      0 |      3 |    561 |   1 |  754.0 |
        Bailey |   2087 |   2087 |      0 |   1236 |    396 |   1 | 2087.0 |
               +--------+--------+--------+--------+--------+-----+--------+

Top non-repeatable levels by time:
     D:5: 2315 daAuts
  Bailey: 2087 daAuts
  Lair:5: 1842 daAuts
  Lair:4: 1785 daAuts
     D:8: 1618 daAuts
  Lair:2: 1480 daAuts
     D:9: 1444 daAuts
    D:13: 1408 daAuts
  Lair:1: 1241 daAuts
     D:6: 1231 daAuts
    D:11: 1122 daAuts
    D:12: 1094 daAuts
  Lair:3: 1088 daAuts
     D:4: 1087 daAuts
     D:3: 1012 daAuts
